 Dungeon Crawl Stone Soup version 0.17-a0-1-g1f4be75 (webtiles) character file.

15736 McCoppin the Covert (level 12, -2/85 HPs)
             Began as an Octopode Fighter on Mar 4, 2015.
             Was a Priest of Dithmenos.
             Slain by a blink frog (8 damage)
             ... summoned by a shadow trap
             ... triggered by the player character
             ... on level 4 of the Lair of Beasts.
             The game lasted 01:21:10 (20059 turns).

McCoppin the Covert (Octopode Fighter)             Turns: 20059, Time: 01:21:10

Health: -2/85      AC:  1    Str: 16    XL:     12   Next: 30%
Magic:  12/12      EV: 12    Int: 10    God:    Dithmenos [***...]
Gold:   787        SH: 13    Dex: 16    Spells: 0 memorised, 11 levels left

rFire  . . .     SeeInvis +     a - +2 dagger (speed)
rCold  + . .     Clarity  .     c - +1 shield
rNeg   . . .     SustAb   +     (helmet restricted)
rPois  .         Gourm    .     D - amulet of resist mutation
rElec  .         Spirit   .     h - ring of see invisible
rCorr  .         Warding  .     I - ring of sustain abilities
rMut   +         Stasis   .     g - ring of wizardry
MR     .....                    T - ring of protection from cold
Stlth  +++++++++.               (no ring)
                                (no ring)
                                (no ring)
                                (no ring)

@: very slightly contaminated, hasted, wreathed by umbra, very quick, not
resistant to hostile enchantments, incredibly stealthy
A: almost no armour, amphibious, 8 rings, constrict 8, camouflage 1, gelatinous
body 1
a: Shadow Step, Renounce Religion


You were on level 4 of the Lair of Beasts.
You worshipped Dithmenos.
Dithmenos was most pleased with you.
You were not hungry.

You visited 3 branches of the dungeon, and saw 13 of its levels.
You also visited: Ossuary.

You collected 787 gold pieces.

Inventory:

Hand weapons
 a - a +2 dagger of speed (weapon)
 b - a +4 blowgun
 C - a +0 long sword
Missiles
 p - 70 poisoned needles
 q - 428 stones (quivered)
 N - 2 throwing nets
Armour
 c - a +1 shield (worn)
Jewellery
 g - a ring of wizardry (on tentacle)
 h - a ring of see invisible (left tentacle)
 D - an amulet of resist mutation (around mantle)
 I - a ring of sustain abilities (right tentacle)
 T - a ring of protection from cold (on tentacle)
Magical devices
 i - a wand of digging (7)
 l - a wand of digging (12)
 y - a wand of digging (12)
 z - a wand of slowing (25)
 B - a wand of slowing (27)
 K - a wand of polymorph (13)
 M - a wand of disintegration (8)
 S - a wand of magic darts (12)
 Y - a wand of disintegration (17)
Scrolls
 f - 4 scrolls of remove curse
 k - a scroll of enchant armour
 m - 2 scrolls of noise
 r - 2 scrolls of magic mapping
 F - 10 scrolls of identify
 L - a scroll of summoning
 O - 2 scrolls of amnesia
 R - 2 scrolls of teleportation
 W - a scroll of recharging
Potions
 d - a potion of decay
 j - a potion of berserk rage
 n - a potion of ambrosia
 o - a potion of haste
 s - a potion of poison
 t - 2 potions of agility
 v - a potion of cure mutation {unknown}
 x - 2 potions of cancellation
 A - a potion of mutation {unknown}
 Q - 3 potions of brilliance
 V - a potion of degeneration
Books
 u - an Akashic Record {highlevel, unknown}

   This book is beyond your current level of understanding.

   Spells                             Type                      Level
   a - Dispersal                      Translocation                6
   b - Controlled Blink               Translocation                7
   c - Malign Gateway                 Summoning/Translocation      7
   d - Disjunction                    Translocation                8
   e - Singularity                    Translocation                9
 H - a book of Ice

   Spells                             Type                      Level
   a - Ice Form                       Ice/Transmutation            4
   b - Metabolic Englaciation         Hexes/Ice                    5
   c - Ozocubu's Refrigeration        Ice                          6
   d - Bolt of Cold                   Conjuration/Ice              6
   e - Freezing Cloud                 Conjuration/Ice/Air          6
   f - Simulacrum                     Ice/Necromancy               6
Comestibles
 w - 4 beef jerkies
 E - 5 meat rations
 G - a slice of pizza
 P - 10 fruits
 X - 5 bread rations


   Skills:
 * Level 9.2 Fighting
 - Level 5.6(8.3) Short Blades
 - Level 9.5(10.1) Long Blades
 - Level 3.0 Dodging
 - Level 12.8 Stealth
 - Level 11.0 Shields


You had 11 spell levels left.
You didn't know any spells.

Dungeon Overview and Level Annotations

Branches:
Dungeon (8/15)             Temple (1/1) D:7            Lair (4/8) D:8
  Swamp: Lair:3-6    Shoals: Lair:3-6     Snake: Lair:3-6    Spider: Lair:3-6

Altars:
Ashenzari
Cheibriados
Dithmenos
Elyvilon
Fedhas
Gozag
Kikubaaqudgha
Makhleb
Nemelex Xobeh
Okawaru
Qazlal
Ru
Sif Muna
Trog
Vehumet
Xom
Yredelemnul
Zin
The Shining One

Shops:
D:5 [


Innate Abilities, Weirdness & Mutations

You cannot wear most types of armour.
You are amphibious.
You can wear up to eight rings at the same time.
You can use your tentacles to constrict many enemies at once.
Your skin changes colour to match your surroundings (Stealth).
Your rubbery body absorbs attacks (AC +1).


Message History

The hound bites you.
* * * LOW HITPOINT WARNING * * *
The spiny frog stings you!
* * * LOW HITPOINT WARNING * * *
You are lethally poisoned!
The spiny frog poisons you! You block the hound's attack.
Drink which item? (? for menu, Esc to quit)
Okay, then.
Read which item? (? for menu, Esc to quit)
Okay, then.
Read which item? (? for menu, Esc to quit)
Okay, then.
Drink which item? (? for menu, Esc to quit)
You feel better. The spiny frog stings you.
* * * LOW HITPOINT WARNING * * *
The hound barely misses you.
Read which item? (? for menu, Esc to quit)
Okay, then.
The blink frog blinks!
The blink frog hits you!
You die...

##F# ..... ......
###..F....
###.........
##.....>.....
#...h.......#
##^..F@.....##
##...DF..§......
###.##.§.........
#..##............
##....F.........P#
#..≈#....†......##
#.#.≈≈P..........P#
##..#............##.
##..................


You could see an eight-headed hydra, a spiny frog, 3 blink frogs, a giant frog
(sleeping) and a hound.

Vanquished Creatures
  A hydra (Lair:1)
  Pikel (D:6)
  Joseph (D:8)
  2 black mambas
  3 torpor snails (Lair:2)
  7 spiny frogs
  The ghost of Spolavi the Tormented, an experienced DENe of Kikubaaqudgha (D:6)
  Prince Ribbit (D:8)
  A basilisk (Lair:3)
  2 hippogriffs
  Eustachio (D:6)
  10 yaks (Lair:2)
  Grum (D:8)
  Edmund (D:7)
  23 wolves
  3 porcupines
  A wasp (D:8)
  2 water moccasins
  4 black bears
  An ice beast (D:6)
  2 orc warriors
  4 ogres
  2 centaurs (D:8)
  Sigmund (D:5)
  Duvessa (D:7)
  3 crocodiles
  An elf zombie (Ossuary)
  Blork the orc (D:6)
  A gnoll sergeant (D:8)
  12 giant frogs
  4 scorpions
  4 killer bees (D:8)
  3 goliath beetles
  Dowan (D:7)
  A wasp zombie (D:6)
  A centaur zombie (D:6)
  2 crimson imps
  2 human zombies (Ossuary)
  A quasit (D:6)
  3 giant frog skeletons
  Crazy Yiuf (D:7)
  5 orc priests
  7 hounds
  4 iguanas
  Natasha (twice) (D:6)
  4 orc wizards
  7 worker ants
  2 big kobold zombies (Ossuary)
  Ijyb (D:2)
  4 mummies (Ossuary)
  A hound zombie (D:6)
  16 gnolls
  2 hound skeletons
  A shadow imp (D:8)
  11 adders
  A giant mite (D:4)
  15 river rats
  4 worms
  2 adder zombies
  An orc zombie (D:6)
  2 adder skeletons
  5 giant geckos
  An ooze (D:2)
  29 orcs
  A bat skeleton (D:8)
  A bat zombie (D:7)
  2 gnoll zombies (Ossuary)
  24 hobgoblins
  9 jackals
  7 quokkas
  2 ball pythons (D:7)
  15 bats
  4 giant cockroaches
  A giant gecko zombie (D:6)
  9 giant newts
  24 goblins
  A goblin zombie (Ossuary)
  A hobgoblin zombie (Ossuary)
  2 jackal zombies (Ossuary)
  20 kobolds
  20 rats
  2 fungi (D:8)
390 creatures vanquished.

Vanquished Creatures (others)
  An ogre (D:6)
  A hound skeleton (D:6)
  An adder (D:6)
  A shadow imp (D:6)
  An adder zombie (D:6)
  Natasha (D:6)
  A hobgoblin (D:6)
  A kobold (D:6)
  A fungus (Lair:2)
  A plant (Lair:2)
10 creatures vanquished.

Grand Total: 400 creatures vanquished

Notes
Turn   | Place    | Note
--------------------------------------------------------------
     0 | D:1      | McCoppin, the Octopode Fighter, began the quest for the Orb.
     0 | D:1      | Reached XP level 1. HP: 16/16 MP: 1/1
   306 | D:1      | Reached XP level 2. HP: 21/21 MP: 2/2
  1036 | D:2      | Reached XP level 3. HP: 16/26 MP: 3/3
  1225 | D:2      | Found a sparkling altar of Nemelex Xobeh.
  1444 | D:2      | Found a stormy altar of Qazlal.
  1454 | D:2      | Noticed Ijyb
  1463 | D:2      | Killed Ijyb
  1463 | D:2      | Reached skill level 4 in Short Blades
  1466 | D:2      | Reached XP level 4. HP: 17/31 MP: 4/4
  1668 | D:2      | Found a burning altar of Makhleb.
  1865 | D:2      | Found a bloodstained altar of Trog.
  2690 | D:3      | Noticed a crocodile
  2905 | D:3      | Reached skill level 5 in Short Blades
  2905 | D:3      | Reached XP level 5. HP: 36/36 MP: 5/5
  2927 | D:3      | Found a bloodstained altar of Trog.
  3572 | D:3      | Killed a crocodile
  3572 | D:3      | Reached XP level 6. HP: 42/42 MP: 6/6
  4723 | D:4      | Reached XP level 7. HP: 44/46 MP: 7/7
  4958 | D:4      | Reached skill level 5 in Stealth
  4958 | D:4      | Reached skill level 5 in Shields
  5325 | D:4      | Got a brightly glowing spear
  5326 | D:4      | Identified the +5 spear "Imp's Demise" {pierce, Noisy MR+ Str+8} (You took it off a hobgoblin on level 4 of the Dungeon)
  5439 | D:5      | Entered Level 5 of the Dungeon
  5448 | D:5      | Found Ozabio Crin's Antique Armour Shoppe.
  5632 | D:5      | Noticed Sigmund
  5644 | D:5      | Killed Sigmund
  5644 | D:5      | Reached skill level 6 in Stealth
  5764 | D:5      | Found an ancient bone altar of Kikubaaqudgha.
  6328 | D:6      | Reached XP level 8. HP: 49/52 MP: 8/8
  6346 | D:6      | Reached skill level 7 in Stealth
  6615 | D:6      | Found a sand-covered staircase.
  6619 | Ossuary  | Entered an ossuary
  6723 | Ossuary  | Reached skill level 8 in Stealth
  7389 | D:6      | Reached skill level 9 in Stealth
  7539 | D:6      | Reached skill level 1 in Long Blades
  7639 | D:6      | Noticed Spolavi's ghost (experienced DENe)
  7689 | D:6      | Killed Spolavi's ghost
  7689 | D:6      | Reached XP level 9. HP: 36/56 MP: 9/9
  7800 | D:6      | Noticed Blork the orc
  7802 | D:6      | Killed Blork the orc
  7842 | D:6      | Noticed Eustachio
  7845 | D:6      | Killed Eustachio
  7886 | D:6      | Reached skill level 10 in Stealth
  8356 | D:6      | Noticed a hippogriff
  8375 | D:6      | Killed a hippogriff
  8386 | D:6      | Noticed Pikel
  8571 | D:6      | Killed Pikel
  8958 | D:6      | Reached skill level 11 in Stealth
  9215 | D:6      | Noticed Natasha
  9221 | D:6      | Killed Natasha
  9437 | D:6      | Noticed Natasha
  9441 | D:6      | Killed Natasha
  9519 | D:6      | Killed Natasha
  9971 | D:6      | Reached skill level 5 in Long Blades
 10226 | D:6      | Reached XP level 10. HP: 63/63 MP: 10/10
 10415 | D:7      | Noticed Crazy Yiuf
 10419 | D:7      | Killed Crazy Yiuf
 10453 | D:7      | Noticed Duvessa
 10464 | D:7      | Killed Duvessa
 10468 | D:7      | Noticed Dowan
 10528 | D:7      | Found a staircase to the Ecumenical Temple.
 10528 | D:7      | Noticed Edmund
 10548 | D:7      | Killed Edmund
 10558 | Temple   | Entered the Ecumenical Temple
 10771 | Temple   | Became a worshipper of Dithmenos the Shadowed
 11360 | D:7      | Found a sacrificial altar of Ru.
 11389 | D:7      | Reached skill level 12 in Stealth
 11473 | D:7      | Killed Dowan
 12070 | D:8      | Found a staircase to the Lair.
 12111 | D:8      | Noticed Grum
 12243 | D:8      | Killed Grum
 12470 | D:8      | Reached skill level 10 in Shields
 12866 | D:8      | Found a blossoming altar of Fedhas.
 12884 | D:8      | Noticed a hill giant
 13127 | D:8      | Noticed Prince Ribbit
 13151 | D:8      | Killed Prince Ribbit
 13275 | D:8      | Acquired Dithmenos' first power
 13879 | D:8      | Found a glowing silver altar of Zin.
 13960 | D:8      | Noticed Joseph
 13985 | D:8      | Killed Joseph
 14346 | Lair:1   | Entered Level 1 of the Lair of Beasts
 14488 | D:8      | Reached XP level 11. HP: 58/68 MP: 11/11
 15521 | Lair:1   | Noticed a black mamba
 15529 | Lair:1   | Killed a black mamba
 15529 | Lair:1   | Reached skill level 5 in Fighting
 15634 | Lair:1   | Noticed an eight-headed hydra
 15641 | Lair:1   | Killed an eight-headed hydra
 16186 | Lair:2   | Noticed a five-headed hydra
 16423 | Lair:2   | Acquired Dithmenos' second power
 17144 | Lair:2   | Found a snail-covered altar of Cheibriados.
 18402 | Lair:2   | Reached XP level 12. HP: 41/81 MP: 12/12
 20052 | Lair:4   | Noticed an eight-headed hydra
 20059 | Lair:4   | Slain by a blink frog

Action                   |  1- 3 |  4- 6 |  7- 9 | 10-12 || total
-------------------------+-------+-------+-------+-------++-------
Melee: Rapier            |    19 |       |       |       ||    19
       Dagger            |    57 |   183 |   307 |   698 ||  1245
       Long sword        |       |       |       |    19 ||    19
 Fire: Blowgun           |       |     5 |    60 |    69 ||   134
Throw: Stone             |       |       |       |     4 ||     4
  Use: Scroll            |       |       |    14 |     9 ||    23
       Potion            |       |       |    15 |    11 ||    26
 Stab: Sleeping          |     5 |     4 |    18 |    73 ||   100
       Distracted        |       |     1 |     1 |     6 ||     8
  Eat: Chunk             |       |    12 |     4 |    10 ||    26
       Bread ration      |       |       |     3 |     3 ||     6
       Fruit             |       |       |     1 |     1 ||     2
       Royal jelly       |       |       |     1 |       ||     1
       Beef jerky        |       |       |     1 |       ||     1
       Meat ration       |       |       |       |     1 ||     1
